 Dungeon Crawl Stone Soup version 0.30-a0-21-g5d08c37080 (webtiles) character file.

Game seed: 10645497756624622664

67 xoxolimbo the Firebug (level 4, 30/30 HPs)
             Began as a Demonspawn Fire Elementalist on Aug 23, 2022.
             Got out of the dungeon alive.
             The game lasted 00:01:52 (3182 turns).

xoxolimbo the Firebug (DsFE)                        Turns: 3182, Time: 00:01:53

Health: 30/30      AC:  5    Str:  9    XL:     4   Next: 0%
Magic:  7/7        EV: 12    Int: 18    God:
Gold:   139        SH:  0    Dex: 13    Spells: 7/8 levels left

rFire   . . .      SeeInvis .    f - +2 dagger (drain)
rCold   . . .      Faith    .    (no shield)
rNeg    . . .      Spirit   .    a - +0 robe
rPois   +          Reflect  .    (no helmet)
rElec   .          Harm     .    j - +2 cloak
rCorr   .          Rampage  .    (no gloves)
Will    .....                    (no boots)
Stlth   ++........               (no amulet)
HPRegen 0.10/turn                n - ring of poison resistance
MPRegen 0.10/turn                (no ring)

@: no status effects
A: hooves 2, demonic guardian 1
a: no special abilities


You escaped.
You visited 1 branch of the dungeon, and saw 3 of its levels.

You collected 139 gold pieces.

Inventory:

Hand Weapons
 d - a +0 club
 f - a +2 dagger of draining (weapon)
Missiles
 k - a throwing net
Armour
 a - a +0 robe (worn)
 g - a +0 ring mail
 j - a +2 cloak (worn)
Jewellery
 n - a ring of poison resistance (left hand)
 r - an amulet of magic regeneration
Wands
 m - a wand of digging (7)
Scrolls
 c - a scroll of silence {unknown}
 e - a scroll of amnesia {unknown}
 h - a scroll of magic mapping {unknown}
 o - 2 scrolls of identify {unknown}
 p - a scroll of fog {unknown}
Potions
 b - a potion of magic
 i - 2 potions of brilliance {unknown}
 l - a potion of flight {unknown}
 q - a potion of resistance {unknown}


   Skills:
 - Level 1.7 Dodging
 - Level 1.7 Stealth
 + Level 2.5 Spellcasting
 * Level 2.5 Conjurations
 * Level 3.4 Fire Magic


You had 7 spell levels left.
You knew the following spells:

 Your Spells              Type           Power      Damage    Failure   Level
a - Foxfire               Conj/Fire      52%        2x1d6     4%          1

Your spell library contained the following spells:

 Spells                   Type           Power      Damage    Failure   Level
 Scorch                   Fire           28%        2d6       6%          2
 Conjure Flame            Conj/Fire      13%        6-21      16%         3
 Inner Flame              Hex/Fire       8%         N/A       26%         3
 Flame Wave               Conj/Fire      13%        2d6       45%         4


Dungeon Overview and Level Annotations

Branches:
Dungeon (3/15)

Altars:


Innate Abilities, Weirdness & Mutations

You have hoof-like feet.
A weak demonic guardian rushes to your aid.


Message History

The ball python is heavily wounded.
The foxfire hits the ball python.
The ball python is severely wounded.
Casting: Foxfire (safe; 4% risk of failure)
Confirm with . or Enter, or press ? or * to list all spells.
You conjure some foxfire!
The ball python barely misses you. The ball python grabs you.
The ball python constricts you. The ball python completely misses you.
The ball python constricts you.
The foxfire hits the ball python.
You kill the ball python!
Casting: Foxfire (safe; 4% risk of failure)
Confirm with . or Enter, or press ? or * to list all spells.
You conjure some foxfire!
Your foxfire dissipates! x2
HP restored.
Magic restored.
You see here the +1 robe "Ciqof" {Int+2}.
A bat comes into view.
Casting: Foxfire (safe; 4% risk of failure)
Confirm with . or Enter, or press ? or * to list all spells.
You conjure some foxfire!
The foxfire hits the bat.
You kill the bat!
You have reached level 4!
You feel stronger.
Your demonic ancestry asserts itself...
You feel the presence of a demonic guardian.
Your foxfire dissipates!
You see here the +1 robe "Ciqof" {Int+2}.
There is a stone staircase leading up here.
You climb upwards.
There is a stone staircase leading down here.
Magic restored.
There is a stone staircase leading up, spattered with blood here.
You climb upwards.
There is a stone staircase leading down here.
You see here a +0 club.
There is a dry fountain here.
There is a staircase leading out of the dungeon here.
Are you sure you want to leave the Dungeon?
This will make you lose the game!
You have escaped!

.####.............)........###
###...##.####.####.####.#....##
#..###...##...##...##...###..#
#.## #.⌠.##.⌠.##.⌠.##.⌠.# ##.#
#.####...##...##...##...####.#
#...###(####.####.####.###...#
##.⌠.###.####.####.####.###.⌠.#
.#............................#
###.##..........@.........##.##
##............................#
.#.⌠.###.####.####.####.###.⌠.#
##...###.####.####.####.###...#
#.####...##...##...##...####[#
#.## #.⌠.##.⌠.##.⌠.##.⌠.# ##.#
#.)###...##...##...##...###..#
##...##.####.####.####.##...##
###......................###


There were no monsters in sight!

Vanquished Creatures
  An adder (D:2)
  A worm (D:2)
  A dart slug (D:2)
  5 ball pythons
  3 bats
  An endoplasm (D:2)
  8 goblins (D:1)
  4 hobgoblins
  6 jackals
  4 quokkas
  6 frilled lizards
  3 kobolds
  7 rats
50 creatures vanquished.

Vanquished Creatures (others)
  204 foxfires
204 creatures vanquished.

Grand Total: 254 creatures vanquished

Notes
Turn   | Place    | Note
-------+----------+-------------------------------------------
     0 | D:1      | xoxolimbo the Demonspawn Fire Elementalist began the quest
                  | for the Orb.
     0 | D:1      | Reached XP level 1. HP: 13/13 MP: 3/3
   427 | D:1      | Gained mutation: You have large cloven feet. [demonic
                  | ancestry]
   427 | D:1      | Reached XP level 2. HP: 19/19 MP: 3/5
   483 | D:1      | Found a faded altar of an unknown god.
   488 | D:1      | Reached skill level 3 in Fire Magic
  1147 | D:1      | Gained mutation: You have hoof-like feet. [demonic
                  | ancestry]
  1147 | D:1      | Reached XP level 3. HP: 24/24 MP: 4/6
  3079 | D:3      | Identified the +1 robe "Ciqof" {Int+2}
  3083 | D:3      | Gained mutation: A weak demonic guardian rushes to your
                  | aid. [demonic ancestry]
  3083 | D:3      | Reached XP level 4. HP: 30/30 MP: 5/7
  3182 | D:$      | Got out of the dungeon alive.

Illustrated notes

Levels and vault maps discovered:
D:1:      dpeg_arrival_chambers_temple_mockup, layout_loops_ring,
          chequers_ecumenical_altar_simple_redux, chequers_serial_rivers_micro_c
D:2:      layout_basic
D:3:      layout_loops_ring, minmay_misc_feat_pillars, grunt_decor_fettered,
          uniq_ijyb, uniq_grinder, uniq_sigmund

Skill      XL: |  1  2 |
---------------+-------+-----
Fire Magic     | 3 |  3.4
Conjurations   | 2 |  2.5
Dodging        | |  1.7
Stealth        | |  1.7
Spellcasting   | |  2.5

Action                   |  1- 3 |  4- 6 || total
-------------------------+-------+-------++-------
Melee: Dagger            |    12 |       ||    12
       Kick              |     2 |       ||     2
 Cast: Foxfire           |   128 |       ||   128
Armor: Robe              |    11 |       ||    11
Dodge: Dodged            |    35 |       ||    35

Table legend: (Time is in decaauts)
 A = Elapsed time spent in this place.
 B = Non-inter-level travel time spent in this place.
 C = Inter-level travel time spent in this place.
 D = Time resting spent in this place.
 E = Time spent auto-exploring this place.
 F = Levels seen in this place.
 G = Mean time per level.
                   A        B        C        D        E       F      G
               +--------+--------+--------+--------+--------+-----+--------+
         Total |   3181 |   3040 |    141 |    405 |   2231 |   3 | 1060.3 |
       Dungeon |   3181 |   3040 |    141 |    405 |   2231 |   3 | 1060.3 |
               +--------+--------+--------+--------+--------+-----+--------+

Top non-repeatable levels by time:
     D:1: 1927 daAuts
     D:2: 1201 daAuts
     D:3: 52 daAuts
